 Dungeon Crawl Stone Soup version 0.26-a0-28-gc929df5585 (webtiles) character file.

Game seed: 3507205503060791251, levelgen mode: deterministic

51 Forecaster the Magician (level 3, -3/30 HPs)
             Began as a Naga Wizard on May 28, 2020.
             Slain by a goblin
             ... wielding a +0 club
             ... led by Robin
              (9 damage)
             ... on level 2 of the Dungeon.
             The game lasted 00:09:38 (1420 turns).

Forecaster the Magician (Naga Wizard)               Turns: 1420, Time: 00:09:39

Health: -3/30      AC:  2    Str: 10    XL:     3   Next: 83%
Magic:  0/8        EV: 10    Int: 18    God:
Gold:   39         SH:  0    Dex:  9    Spells: 4/9 levels left

rFire    . . .     SeeInvis +   j - +1 dagger (venom)
rCold    . . .     Gourm    .   (no shield)
rNeg     . . .     Faith    .   q - +0 robe
rPois    +         Spirit   +   (no helmet)
rElec    .         Reflect  .   (no cloak)
rCorr    .         Harm     .   (no gloves)
MR       .....                  (no barding)
Stlth    ++........             r - amulet of guardian spirit
HPRegen  0.10/turn              l - ring of flight
MPRegen  0.11/turn              (no ring)

@: very slightly contaminated, invisible, very slow
A: large, see invisible, deformed body, poison resistance, slowness 2, slow
metabolism 1, spit poison 1, AC +1
a: Spit Poison, Evoke Flight


You were on level 2 of the Dungeon.
You were not hungry.

You visited 1 branch of the dungeon, and saw 2 of its levels.

You collected 39 gold pieces.

Inventory:

Hand Weapons
 f - a +0 dagger (quivered)
 j - a +1 dagger of venom (weapon)
Missiles
 o - 8 curare-tipped darts
Armour
 a - a +0 robe
 b - a +0 hat
 c - a +0 robe
 e - a +1 helmet
 n - a +0 robe
 q - a +0 robe (worn)
Jewellery
 l - a ring of flight (left hand)
 r - an amulet of guardian spirit (around neck)
Scrolls
 h - 2 scrolls of identify {unknown}
 k - 2 scrolls of teleportation {unknown}
Potions
 i - a potion of stabbing {unknown}
Comestibles
 d - 2 rations


   Skills:
 + Level 0.3 Fighting
 + Level 0.2 Short Blades
 + Level 1.7 Dodging
 + Level 3.2 Stealth
 + Level 3.8 Spellcasting
 + Level 1.4 Conjurations
 + Level 1.5 Summonings
 + Level 1.0 Translocations


You had 4 spell levels left.
You knew the following spells:

 Your Spells              Type           Power        Failure   Level  Hunger
a - Magic Dart            Conj           #...         9%          1    None
b - Call Imp              Summ           #.......     12%         2    ##.....
c - Blink                 Tloc           N/A          16%         2    ##.....

Your spell library contained the following spells:

 Spells                   Type           Power        Failure   Level  Hunger
 Slow                     Hex            #.......     22%         2    ##.....
 Conjure Flame            Conj/Fire      #.......     32%         3    ###....
 Mephitic Cloud           Conj/Pois/Air  #.......     36%         3    ###....


Dungeon Overview and Level Annotations

Branches:
Dungeon (2/15)

Altars:

Annotations:
D:2 Robin


Innate Abilities, Weirdness & Mutations

You cannot wear boots.
Your serpentine skin is tough. (AC +1)
You have supernaturally acute eyesight. (SInv)
Armour fits poorly on your strangely shaped body.
Your system is resistant to poisons. (rPois)
You cover ground very slowly.
You have a slow metabolism.
You can spit poison.


Message History

The bat hits you but does no damage.
Your crimson imp hits Robin.
The goblin barely misses you.
You barely miss Robin.
Robin is lightly wounded.
The bat barely misses you. Robin hits you with a +0 club.
* * * LOW HITPOINT WARNING * * *
The goblin misses your crimson imp. The bat barely misses you. x2
Your crimson imp blinks!
The goblin barely misses you.
You hit Robin.
Robin is poisoned.
Robin is lightly wounded.
The bat misses you.
Your crimson imp blinks!
The goblin barely misses you. Robin throws the goblin at you!
You hit Robin.
Robin looks as sick as possible!
Robin is moderately wounded.
The bat hits you but does no damage. The goblin closely misses you.
The goblin misses your crimson imp. The goblin hits you with a +0 club!
You die...

#..)....#
#...5g..#
#....§..# #.
#..)....# # #.
#..(....##
#.#.##........#
#....#..).....# .
#..#...gg.....#
..#..#...)@g....#
#......†b..#...#
#.......#..#...#
#.##....#..#..<#
#.......#<....##
#####...##.##....
#......#.####
##..##.....
#..##.#####


You could see Robin (wandering, extremely poisoned), 3 goblins, a bat and a
friendly crimson imp (summoned).

Vanquished Creatures
  An adder (D:2)
  A dart slug (D:1)
  6 bats (D:1)
  2 giant cockroaches (D:1)
  6 goblins
  A hobgoblin (D:2)
  A ball python (D:1)
  2 frilled lizards (D:1)
  2 kobolds
  5 rats
27 creatures vanquished.

Vanquished Creatures (collateral kills)
  A dart slug (D:1)
  A giant cockroach (D:2)
  5 goblins
  2 hobgoblins (D:1)
  4 jackals (D:1)
  4 kobolds
  2 bats (D:1)
  A frilled lizard (D:1)
  A rat (D:1)
21 creatures vanquished.

Grand Total: 48 creatures vanquished

Notes
Turn   | Place    | Note
-------+----------+-------------------------------------------
     0 | D:1      | Forecaster the Naga Wizard began the quest for the Orb.
     0 | D:1      | Reached XP level 1. HP: 15/15 MP: 4/4
   343 | D:1      | Reached XP level 2. HP: 22/22 MP: 1/6
   347 | D:1      | Learned a level 2 spell: Call Imp
   350 | D:1      | Learned a level 2 spell: Blink
   640 | D:1      | Reached XP level 3. HP: 26/28 MP: 2/8
  1399 | D:2      | Noticed Robin
  1420 | D:2      | Slain by a goblin

Illustrated notes

Levels and vault maps discovered:
D:1:      dpeg_arrival_boxes_within_box, layout_loops_ring
D:2:      layout_basic, nicolae_overflow_hidden_temple,
          nicolae_ru_path_of_blood, uniq_robin

Action                   || total
-------------------------++-------
Melee: Dagger            ||    53
       Unarmed           ||     2
 Cast: Magic Dart        ||    36
       Call Imp          ||    14
  Use: Potion            ||     1
 Stab: Sleeping          ||     2
  Eat: Chunk             ||     1
Armor: Robe              ||    26
Dodge: Dodged            ||    52

Table legend:
 A = Non-vault XP
 B = Vault XP
 C = Vault XP percentage of total XP
 D = Non-vault monster count
 E = Vault monster count
 F = Vault count percentage of total count
                 A         B        C        D         E       F
            +---------+---------+-------+---------+---------+-------
      Total |      61 |      13 |  17.6 |      40 |       8 |  16.7
            +---------+---------+-------+---------+---------+-------
        D:1 |      47 |       0 |   0.0 |      35 |       0 |   0.0
        D:2 |      14 |      13 |  48.1 |       5 |       8 |  61.5
            +---------+---------+-------+---------+---------+-------
